 Dungeon Crawl Stone Soup version 0.30-a0-358-g0d69a1922f (webtiles) character file.

Game seed: 18289114152696966224

2939 Virdalgir the Fighter (level 9, -8/82 HPs)
             Began as a Minotaur Fighter on Nov 10, 2022.
             Killed from afar by an electric eel (11 damage)
             ... with a bolt of electricity
             ... on level 7 of the Dungeon.
             The game lasted 00:08:57 (5197 turns).

Virdalgir the Fighter (Minotaur Fighter)            Turns: 5197, Time: 00:08:58

Health: -8/82      AC:  9    Str: 25    XL:     9   Next: 51%
Magic:  17/17      EV:  9    Int:  5    God:
Gold:   167        SH:  6    Dex: 10    Spells: 8/8 levels left

rFire   . . .      SeeInvis .    a - +1 war axe
rCold   . . .      Faith    .    c - +0 buckler
rNeg    + . .      Spirit   .    b - +0 scale mail
rPois   .          Reflect  .    n - +1 hat
rElec   .          Harm     .    (no cloak)
rCorr   .          Rampage  .    (no gloves)
Will    .....                    (no boots)
Stlth   ..........               h - amulet of regeneration
HPRegen 1.13/turn                f - ring of magical power
MPRegen 0.15/turn                u - ring of positive energy

@: no status effects
A: horns 2, retaliatory headbutt
a: no special abilities


You were on level 7 of the Dungeon.
You visited 1 branch of the dungeon, and saw 7 of its levels.
You also visited: Sewer.

You collected 167 gold pieces.

Inventory:

Hand Weapons
 a - a +1 war axe (weapon)
Missiles
 j - 2 throwing nets (quivered)
Armour
 b - a +0 scale mail (worn)
 c - a +0 buckler (worn)
 n - a +1 hat (worn)
Jewellery
 f - a ring of magical power (left hand)
 h - an amulet of regeneration (around neck)
 u - a ring of positive energy (right hand)
Wands
 m - a wand of roots (23)
Scrolls
 i - 2 scrolls of teleportation
 o - a scroll of magic mapping
 p - a scroll of enchant weapon
 r - a scroll of blinking
Potions
 d - a potion of might
 e - 3 potions of attraction
 g - 7 potions of curing
 k - a potion of heal wounds
 l - a potion of haste {unknown}
 q - a potion of resistance {unknown}
 s - a potion of flight {unknown}
 t - a potion of mutation {unknown}


   Skills:
 + Level 8.8 Fighting
 + Level 8.3 Axes
 + Level 8.7 Armour
 + Level 8.7 Shields


You had 8 spell levels left.
You didn't know any spells.
Your spell library contained the following spells:

 Spells                   Type           Power      Damage    Failure   Level
 Slow                     Hex            0%         N/A       80%         1
 Blink                    Tloc           0%         N/A       91%         2
 Confusing Touch          Hex            0%         N/A       99%         3
 Vampiric Draining        Necr           0%         2d6       99%         3
 Manifold Assault         Tloc           0%         N/A       100%        4
 Storm Form               Tmut/Air       0%         N/A       100%        7


Dungeon Overview and Level Annotations

Branches:
Dungeon (7/15)              Sewer (visited)
 Temple: D:4-7

Altars:
Cheibriados
Dithmenos
Elyvilon
Hepliaklqana
Makhleb
Ru
Sif Muna
Uskayaw
Vehumet
Wu Jian
Xom
Lugonu

Shops:
D:2 =

Portals:
Abyss: D:6

Annotations:
D:6 2 runed translucent doors


Innate Abilities, Weirdness & Mutations

You have a pair of horns on your head.
You reflexively headbutt those who attack you in melee.


Message History

You enter the shallow water.
Moving in this stuff is going to be slow.
The electric eel shoots out a bolt of lightning at you!
The bolt of electricity hits you!
The electric eel shoots out a bolt of lightning at you!
The bolt of electricity hits you!
The electric eel shoots out a bolt of lightning at you!
The bolt of electricity hits you!
The electric eel shoots out a bolt of lightning at you!
The bolt of electricity hits you!
The electric eel shoots out a bolt of lightning at you!
The bolt of electricity hits you!
* * * LOW HITPOINT WARNING * * *
The electric eel shoots out a bolt of lightning at you!
The bolt of electricity hits you!
* * * LOW HITPOINT WARNING * * *
Unknown command.
You feel much better.
The electric eel shoots out a bolt of lightning at you!
The bolt of electricity hits you!
You closely miss the electric eel. You headbutt the electric eel!
The electric eel is almost dead.
The electric eel shoots out a bolt of lightning at you!
The bolt of electricity hits you.
* * * LOW HITPOINT WARNING * * *
You closely miss the electric eel.
The electric eel is almost dead.
The electric eel shoots out a bolt of lightning at you!
The bolt of electricity hits you!
* * * LOW HITPOINT WARNING * * *
The electric eel shoots out a bolt of lightning at you!
The bolt of electricity hits you!
* * * LOW HITPOINT WARNING * * *
You barely miss the electric eel.
The electric eel is almost dead.
You closely miss the electric eel.
The electric eel is almost dead.
The electric eel shoots out a bolt of lightning at you!
The bolt of electricity hits you!
You die...

.####......#........#
##
...#.......########
##
~.~~...~...~~.~~~..
.#..
≈≈≈~≈≈≈≈≈~≈≈≈≈≈~≈
....
♣♣≈.≈♣♣♣≈~≈♣♣♣≈~≈♣
.... ♣≈.≈ ♣≈.≈♣ .≈♣
....
♣♣♣≈~≈♣♣♣≈~≈♣♣♣≈~≈♣
....
≈≈≈≈~≈≈≈≈≈~≈≈≈≈≈.≈≈
....
~.~~...@~~~....~~.~
....
≈≈≈≈.≈≈S≈≈~≈≈≈≈≈(≈≈
.)#.
♣♣♣≈~≈♣♣♣≈~≈♣♣♣≈~≈♣
..# ♣≈~≈ ♣≈.≈♣ ≈.≈♣
.. ♣≈. ♣≈~≈♣ .≈♣ ≈≈≈.
≈≈~≈≈≈ ~..~ ...~~..~
≈≈≈≈ ≈≈≈≈.≈≈≈≈
♣♣♣≈~≈♣♣♣


You could see an electric eel.

Vanquished Creatures
  Pikel (D:5)
  Sigmund (D:5)
  3 steam dragons
  A water moccasin (D:6)
  A black bear (D:6)
  2 ice beasts
  An ogre (D:7)
  3 centaurs
  A lemure (D:5)
  A scorpion (D:4)
  A bullfrog (Sewer)
  A necrophage (D:4)
  Dowan (D:7)
  An electric eel (D:7)
  2 howler monkeys
  2 hounds
  A gnoll bouda (D:6)
  7 orc wizards
  4 iguanas
  14 gnolls
  14 adders
  A shadow imp (D:6)
  4 white imps
  2 ufetubi
  4 worms
  A dart slug (D:3)
  21 orcs
  16 ball pythons
  3 endoplasms
  11 giant cockroaches
  7 goblins
  4 hobgoblins
  8 jackals
  5 quokkas
  3 bats
  14 frilled lizards
  9 kobolds
  4 rats
180 creatures vanquished.

Vanquished Creatures (others)
  Duvessa (D:7)
  18 fungi (D:6)
19 creatures vanquished.

Grand Total: 199 creatures vanquished

Notes
Turn   | Place    | Note
-------+----------+-------------------------------------------
     0 | D:1      | Virdalgir the Minotaur Fighter began the quest for the Orb.
     0 | D:1      | Reached XP level 1. HP: 19/19 MP: 0/0
    50 | D:1      | Reached XP level 2. HP: 25/27 MP: 1/1
   466 | D:1      | Reached XP level 3. HP: 33/33 MP: 2/2
   755 | D:2      | Reached XP level 4. HP: 31/40 MP: 3/3
   779 | D:2      | Reached XP level 5. HP: 15/47 MP: 4/4
  1000 | D:2      | Found Ximief's Jewellery Boutique.
  1514 | D:3      | Found a shadowy altar of Dithmenos.
  1516 | D:3      | Identified the +7 long sword "Hoopex" {antimagic, *Noise
                  | rPois Will+ Dex+7}
  1629 | D:3      | Found a sacrificial altar of Ru.
  1762 | D:3      | Found a snail-covered altar of Cheibriados.
  1768 | D:3      | Reached skill level 5 in Shields
  2066 | D:3      | Reached skill level 5 in Fighting
  2066 | D:3      | Reached skill level 5 in Armour
  2066 | D:3      | Found a hazy altar of Hepliaklqana.
  2461 | D:4      | Reached XP level 6. HP: 39/56 MP: 5/5
  2526 | D:4      | Found a burning altar of Makhleb.
  2724 | D:4      | Found a hide-covered altar of Uskayaw.
  2912 | D:4      | Noticed a balrug
  2916 | D:4      | Noticed a hellwing
  2916 | D:4      | Noticed a neqoxec
  2981 | D:5      | Entered Level 5 of the Dungeon
  2981 | D:5      | Noticed an ice beast
  2987 | D:5      | Killed an ice beast
  2988 | D:5      | Reached skill level 5 in Axes
  2988 | D:5      | Reached XP level 7. HP: 54/62 MP: 6/6
  3044 | D:5      | Found a glowing drain.
  3062 | Sewer    | Entered a sewer
  3582 | D:5      | Noticed Sigmund
  3587 | D:5      | Killed Sigmund
  3636 | D:5      | Reached XP level 8. HP: 40/71 MP: 7/7
  3682 | D:5      | Found an ornate altar of the Wu Jian Council.
  3784 | D:5      | Noticed Pikel
  3796 | D:5      | Killed Pikel
  3872 | D:5      | Found a shimmering blue altar of Sif Muna.
  4055 | D:6      | Found a large runed translucent door.
  4055 | D:6      | Found a large runed translucent door.
  4071 | D:6      | Found a corrupted altar of Lugonu.
  4242 | D:6      | Found a radiant altar of Vehumet.
  4311 | D:6      | Reached XP level 9. HP: 80/81 MP: 8/8
  4478 | D:6      | Found a one-way gate to the infinite horrors of the Abyss.
  4578 | D:6      | Found a white marble altar of Elyvilon.
  4587 | D:6      | Found a shimmering altar of Xom.
  4958 | D:7      | Noticed Dowan
  4968 | D:7      | Killed Dowan
  4968 | D:7      | Noticed Duvessa
  4976 | D:7      | Killed Duvessa
  5195 | D:7      | HP: 1/82 [electric eel/bolt of electricity (11)]
  5197 | D:7      | Killed from afar by an electric eel

Illustrated notes

Levels and vault maps discovered:
D:1:      psy_arrival_conway, layout_basic, st_stairs_8
D:2:      layout_loops_cross, serial_shops, nicolae_shop_hallway_stairs
D:3:      layout_basic, nicolae_ru_sacrificial_ziggurat,
          nicolae_dithmenos_shadow_blocks, mainiacjoe_overflow_alcove_2,
          nicolae_overflow_hidden_temple, serial_glass, glass_columns_a,
          glass_columns_a
D:4:      layout_cave_pools, makhleb_altar_promises_db,
          mainiacjoe_overflow_brackets, hex_medium
D:5:      layout_rooms, nzn_wu_jian_contemplation, tgw_sif,
          cheibrodos_sewer_entry_drain, kennysheep_generic_room_7, uniq_pikel,
          uniq_sigmund
D:6:      due_chaos_kobolds, layout_basic, mainiacjoe_overflow_chevrons,
          mainiacjoe_overflow_swirl, grunt_ministairs_8
D:7:      layout_cave_pools, nemelex_dance_club_becter,
          minmay_temple_entry_butterflies, kennysheep_boxes, uniq_joseph,
          uniq_duvessa

Skill      XL: |  1  2  3  4  5  6  7  8  9 |
---------------+----------------------------+-----
Shields        | 4 5 6 8 |  8.7
Armour         | 4 5 6 8 |  8.7
Fighting       | 4 5 6 8 |  8.8
Axes           | 3 4 5 6 7 8 |  8.3

Action                   |  1- 3 |  4- 6 |  7- 9 || total
-------------------------+-------+-------+-------++-------
Melee: War axe           |    54 |   119 |   233 ||   406
       Headbutt          |     9 |    15 |    44 ||    68
Evoke: Wand              |       |     2 |     2 ||     4
  Use: Scroll            |     2 |     8 |     4 ||    14
       Potion            |       |       |     2 ||     2
Armor: Scale mail        |    31 |    57 |   132 ||   220
Dodge: Dodged            |    26 |    42 |   123 ||   191
Block: Buckler           |    11 |    30 |    75 ||   116

Table legend: (Time is in decaauts)
 A = Elapsed time spent in this place.
 B = Non-inter-level travel time spent in this place.
 C = Inter-level travel time spent in this place.
 D = Time resting spent in this place.
 E = Time spent auto-exploring this place.
 F = Levels seen in this place.
 G = Mean time per level.
                   A        B        C        D        E       F      G
               +--------+--------+--------+--------+--------+-----+--------+
         Total |   5404 |   5239 |    165 |     14 |   3997 |   8 |  675.5 |
       Dungeon |   4827 |   4662 |    165 |     14 |   3601 |   7 |  689.6 |
         Sewer |    576 |    576 |      0 |      0 |    396 |   1 |  576.0 |
               +--------+--------+--------+--------+--------+-----+--------+

Top non-repeatable levels by time:
     D:3: 889 daAuts
     D:6: 886 daAuts
     D:2: 804 daAuts
     D:1: 742 daAuts
     D:5: 619 daAuts
     D:4: 606 daAuts
   Sewer: 576 daAuts
     D:7: 278 daAuts
